 Dungeon Crawl Stone Soup version 0.21-a0-273-g0785366 (webtiles) character file.

100 nikopol the Firebug (level 4, -1/24 HPs)
             Began as a Deep Elf Fire Elementalist on Sept 17, 2017.
             Was an Initiate of Sif Muna.
             Killed from afar by an orc wizard (5 damage)
             ... with a puff of flame
             ... on level 3 of the Dungeon.
             The game lasted 00:09:26 (2742 turns).

nikopol the Firebug (Deep Elf Fire Elementalist)    Turns: 2742, Time: 00:09:27

Health: -1/24      AC:  4    Str: 11    XL:     4   Next: 46%
Magic:  4/12       EV: 13    Int: 21    God:    Sif Muna [......]
Gold:   129        SH:  0    Dex: 15    Spells: 5/11 levels left

rFire    . . .     SeeInvis .   o - +2 dagger (holy)
rCold    . . .     Gourm    .   (no shield)
rNeg     . . .     Faith    .   a - +0 robe
rPois    .         Spirit   .   p - +2 hat
rElec    .         Reflect  .   (no cloak)
rCorr    .         Harm     .   (no gloves)
MR       .....                  (no boots)
Stlth    ++........             (no amulet)
HPRegen  0.08/turn              e - +6 ring of strength
MPRegen  0.13/turn              (no ring)

@: no status effects
A: no striking features
a: Renounce Religion


You were on level 3 of the Dungeon.
You worshipped Sif Muna.
Sif Muna was noncommittal.
You were not hungry.

You visited 1 branch of the dungeon, and saw 3 of its levels.

You collected 129 gold pieces.

Inventory:

Hand Weapons
 m - a +0 dagger
 o - a +2 dagger of holy wrath (weapon)
Armour
 a - a +0 robe (worn)
 p - a +2 hat (worn)
Jewellery
 e - a +6 ring of strength (left hand)
Scrolls
 d - 4 scrolls of teleportation {unknown}
 h - a scroll of identify {unknown}
 i - a scroll of remove curse {unknown}
 k - a scroll of enchant armour {unknown}
 l - a scroll of fog {unknown}
Potions
 n - 2 potions of brilliance {unknown}
 q - 2 potions of resistance {unknown}
Books
 b - a book of Flames

   Spells                             Type                      Level
   a - Flame Tongue                   Conjuration/Fire             1
   b - Throw Flame                    Conjuration/Fire             2
   c - Conjure Flame                  Conjuration/Fire             3
   d - Inner Flame                    Hexes/Fire                   3
   e - Sticky Flame                   Conjuration/Fire             4
   f - Fireball                       Conjuration/Fire             5
Comestibles
 c - 2 bread rations
 f - a royal jelly
 g - 2 meat rations
 j - 4 chunks of flesh


   Skills:
 + Level 0.1 Fighting
 + Level 2.9 Dodging
 + Level 3.3 Stealth
 + Level 4.0 Spellcasting
 + Level 2.1 Conjurations
 + Level 4.2 Fire Magic


You had 5 spell levels left.
You knew the following spells:

 Your Spells              Type           Power        Failure   Level  Hunger
a - Flame Tongue          Conj/Fire      ###..        3%          1    None
b - Throw Flame           Conj/Fire      ###...       4%          2    #......
c - Conjure Flame         Conj/Fire      ###.....     10%         3    ###....


Dungeon Overview and Level Annotations

Branches:
Dungeon (3/15)

Altars:
Sif Muna
Trog
Wu Jian


Message History

You can't see any susceptible monsters within range! (Use Z to cast anyway.)
Casting: Throw Flame
Confirm with . or Enter, or press ? or * to list all spells.
Aiming: Throw Flame
Press: ? - help, Shift-Dir - straight line, f/p - orc wizard
Aim: an orc wizard, wielding a dagger and wearing a robe (moderately wounded)
The puff of flame misses the orc wizard.
Casting: Throw Flame
Confirm with . or Enter, or press ? or * to list all spells.
Aiming: Flame Tongue
Press: ? - help, Shift-Dir - straight line, f/p - orc wizard
Aim: an orc wizard, wielding a dagger and wearing a robe (moderately wounded)
The flame tongue hits the orc wizard.
The orc wizard is almost dead.
The orc wizard points at you and mumbles some strange words.
The puff of frost hits you!
* * * LOW HITPOINT WARNING * * *
The orc wizard gestures at you while chanting.
The puff of flame hits you!
You die...

.# ### #.# ...
... .... #.#
..... #.# # #
.....###.##.##.#
...............
#.....%.##.##.##
#......@........
.....
....>....##.##.##
###.#.#
.#......)# #
......#
........o.
..#.#.#
##.........
#.#.#.#
#........##. ...
#.#.#.#
#..#.....# .# #.#
#.#.#.#
#..#.....# .


.oo #.#.#.###..#... #o# You could see an orc wizard.

Vanquished Creatures
  Robin (D:2)
  3 adders (D:2)
  A leopard gecko (D:1)
  4 orcs
  3 giant cockroaches
  8 goblins
  9 hobgoblins
  4 jackals (D:3)
  9 bats
  4 frilled lizards
  4 kobolds
  4 rats
54 creatures vanquished.

Notes
Turn   | Place    | Note
-------+----------+-------------------------------------------
     0 | D:1      | nikopol the Deep Elf Fire Elementalist began the quest for the Orb.
     0 | D:1      | Reached XP level 1. HP: 10/10 MP: 6/6
   309 | D:1      | Reached XP level 2. HP: 15/15 MP: 6/8
   579 | D:1      | Learned a level 2 spell: Throw Flame
  1068 | D:2      | Reached XP level 3. HP: 18/19 MP: 1/9
  1099 | D:2      | Found a bloodstained altar of Trog.
  1099 | D:2      | Found a deep blue altar of Sif Muna.
  1107 | D:2      | Became a worshipper of Sif Muna the Loreminder
  1469 | D:2      | Found an ornate altar of the Wu Jian Council.
  1724 | D:2      | Noticed Robin
  1751 | D:2      | Killed Robin
  1754 | D:2      | Reached XP level 4. HP: 20/24 MP: 1/11
  2350 | D:3      | Learned a level 3 spell: Conjure Flame
  2423 | D:3      | Found a faded altar of an unknown god.
  2742 | D:3      | Killed from afar by an orc wizard

Vault maps used:
D:1:      saegor_arrival_simple_c, serial_bayou_lagoon_b
D:2:      gammafunk_temple_overflow_wave, overflow_temple_1_default,
          first_bread, uniq_robin
D:3:      chequers_ecumenical_altar_simple_redux, minmay_splitting_lines,
          uniq_grinder

Skill      XL: |  1  2  3  4 |
---------------+-------------+-----
Stealth        | 3 |  3.3
Fire Magic     | 4 |  4.2
Conjurations   | 2 |  2.1
Spellcasting   | 4 |  4.0
Fighting       | |  0.1
Dodging        | |  2.9

Action                   |  1- 3 |  4- 6 || total
-------------------------+-------+-------++-------
Melee: Dagger            |       |     8 ||     8
 Cast: Flame Tongue      |    58 |    35 ||    93
       Throw Flame       |     3 |     5 ||     8
  Eat: Chunk             |     2 |     4 ||     6
Armor: Robe              |     3 |     2 ||     5
Dodge: Dodged            |    25 |    12 ||    37

Table legend:
 A = Spawn XP
 B = Non-spawn XP
 C = Spawn XP percentage of total XP
 D = Spawn monster count
 E = Non-spawn monster count
 F = Spawn count percentage of total count
 G = Total turns spent on level
                    A         B        C        D         E        F      G
               +---------+---------+-------+---------+---------+-------+---------
         Total |       0 |     143 |   0.0 |       0 |      54 |   0.0 |  2742
               +---------+---------+-------+---------+---------+-------+---------
           D:1 |       0 |      25 |   0.0 |       0 |      17 |   0.0 |   989
           D:2 |       0 |      91 |   0.0 |       0 |      24 |   0.0 |  1463
           D:3 |       0 |      27 |   0.0 |       0 |      13 |   0.0 |   290
               +---------+---------+-------+---------+---------+-------+---------
